 Dungeon Crawl Stone Soup version 0.28.0-47-ge53b351184 (webtiles) character file.

Game seed: 17107379270175802286

60 firemarshallily the Caller (level 4, 0/30 HPs)
             Began as a Merfolk Summoner on Apr 29, 2022.
             Was a High Priest of Ignis.
             Slain by an orc wizard
             ... wielding a +1 dagger of distortion
              (17 damage)
             ... on level 3 of the Dungeon.
             The game lasted 00:11:53 (2662 turns).

firemarshallily the Caller (Merfolk Summoner)       Turns: 2662, Time: 00:11:56

Health: 0/30       AC:  9    Str:  8    XL:     4   Next: 6%
Magic:  6/8        EV: 13    Int: 16    God:    Ignis [*****.]
Gold:   63         SH:  0    Dex: 14    Spells: 5/8 levels left

rFire   + + .      SeeInvis .   n - staff of poison
rCold   + . .      Faith    .   (no shield)
rNeg    . . .      Spirit   .   a - +0 robe
rPois   +          Reflect  .   (no helmet)
rElec   .          Harm     .   d - +0 cloak
rCorr   .          Rampage  .   j - +1 pair of gloves of Paranoia {rF+ rC+}
Will    .....                   (no boots)
Stlth   ++........              (no amulet)
HPRegen 0.10/turn               b - +4 ring of protection
MPRegen 0.11/turn               (no ring)

@: no status effects
A: (nimble swimmer 2), mertail
a: Renounce Religion, Fiery Armour, Foxfire Swarm, Rising Flame


You were on level 3 of the Dungeon.
You worshipped Ignis.
Ignis was extremely pleased with you.
You visited 1 branch of the dungeon, and saw 3 of its levels.

You collected 63 gold pieces.

Inventory:

Missiles
 f - 20 stones
 i - 8 poisoned darts
 k - 6 atropa-tipped darts
Armour
 a - a +0 robe (worn)
 d - a +0 cloak (worn)
 g - a +0 leather armour
 j - the +1 pair of gloves of Paranoia (worn) {rF+ rC+}
   (You found it on level 2 of the Dungeon)

   rF:        It protects you from fire.
   rC:        It protects you from cold.
 m - a scarf of repulsion
Magical Staves
 n - a staff of poison (weapon)
Jewellery
 b - a +4 ring of protection (left hand)
Scrolls
 c - a scroll of identify
 e - a scroll of noise {unknown}
 h - a scroll of teleportation {unknown}
Potions
 l - a potion of haste


   Skills:
 + Level 0.1 Staves
 + Level 0.7 Armour
 - Level 3.2 Dodging
 - Level 2.1 Stealth
 * Level 2.8 Spellcasting
 * Level 4.5 Summonings


You had 5 spell levels left.
You knew the following spells:

 Your Spells              Type           Power      Damage    Failure   Level
a - Summon Small Mammal   Summ           64%        N/A       3%          1
b - Call Imp              Summ           16%        N/A       4%          2

Your spell library contained the following spells:

 Spells                   Type           Power      Damage    Failure   Level
 Call Canine Familiar     Summ           16%        N/A       9%          3
 Summon Guardian Golem    Hex/Summ       9%         N/A       22%         3
 Summon Lightning Spire   Summ/Air       9%         N/A       58%         4


Dungeon Overview and Level Annotations

Branches:
Dungeon (3/15)

Altars:
Xom
Yredelemnul
Ignis


Innate Abilities, Weirdness & Mutations

((You are very nimble when in or above water. (Stealth+, EV+, Speed+++)))
Your lower body shifts to a powerful aquatic tail in water.


Message History

Your magical contamination has completely faded away.
You start resting.
Something hits you.
This spell is quite dangerous to cast!
Memorise Call Canine Familiar, consuming 3 spell levels and leaving 2?
You hear some strange, mumbled words.
A puff of flame appears from out of thin air!
Your memorisation is interrupted.
The puff of flame hits you. You resist.
You closely miss something.
You hear some strange, mumbled words.
A puff of flame appears from out of thin air!
The puff of flame hits you but does no damage.
You closely miss something. Something hits you but does no damage.
Space warps around you. Something hits you. Space warps around you.
* * * LOW HITPOINT WARNING * * *
You swap places.
Something hits you.
* * * LOW HITPOINT WARNING * * *
You blink.
There is a stone staircase leading up here.
You climb upwards.
Reactivating autopickup.
There is a stone staircase leading down here.
You start resting.
Magic restored.
You start resting.
HP restored.
You climb downwards.
There is a stone staircase leading up here.
Casting: Summon Small Mammal (safe; 3% risk of failure)
Confirm with . or Enter, or press ? or * to list all spells.
A beastly little devil appears in a puff of flame.
The orc wizard hits you but does no damage.
Space warps horribly around you!
You closely miss the orc wizard. The orc wizard barely misses you.
You hit the orc wizard.
The orc wizard is moderately wounded.
The orc wizard closely misses you.
The orc wizard hits you but does no damage.
Space warps horribly around you!
Ouch! That really hurt!
You die...

#.. ... #.# #.#
## # ##.##..#
#.#......#
#.)<..._.#
###[#.....#
#####.@_...#..#
#....5#o#..# ##
....###.$...##
.# ##.#..#
..#..# #..#....
.# .... .# ....
..


You could see an orc wizard (ally target) and a friendly crimson imp (summoned).

Vanquished Creatures
  2 orcs (D:3)
  2 bats (D:1)
  2 goblins
  A hobgoblin (D:1)
  A jackal (D:2)
  A frilled lizard (D:1)
  A rat (D:3)
10 creatures vanquished.

Vanquished Creatures (collateral kills)
  An adder (D:2)
  A dart slug (D:1)
  3 bats
  5 endoplasms
  2 giant cockroaches
  3 goblins
  3 jackals (D:2)
  3 kobolds
  A quokka (D:2)
  4 ball pythons
  4 rats (D:1)
30 creatures vanquished.

Vanquished Creatures (others)
  An orc wizard (D:3)
1 creature vanquished.

Grand Total: 41 creatures vanquished

Notes
Turn   | Place    | Note
-------+----------+-------------------------------------------
     0 | D:1      | firemarshallily the Merfolk Summoner began the quest for
                  | the Orb.
     0 | D:1      | Reached XP level 1. HP: 13/13 MP: 3/3
   182 | D:1      | Reached XP level 2. HP: 14/19 MP: 1/5
   185 | D:1      | Learned a level 2 spell: Call Imp
   735 | D:1      | Found a faded altar of an unknown god.
   762 | D:1      | Prayed at the altar of an unknown god.
   762 | D:1      | Became a worshipper of Ignis, the Dying Flame
  1352 | D:2      | Reached XP level 3. HP: 24/24 MP: 1/6
  1523 | D:2      | Identified the +1 pair of gloves of Paranoia {rF+ rC+}
  1709 | D:2      | Found a shimmering altar of Xom.
  2396 | D:3      | Found a basalt altar of Yredelemnul.
  2396 | D:3      | Found a shimmering altar of Xom.
  2411 | D:3      | Reached XP level 4. HP: 21/30 MP: 4/8
  2662 | D:3      | Slain by an orc wizard

Illustrated notes

Levels and vault maps discovered:
D:1:      psy_arrival_basics, layout_basic, shapermc_ecumenical_altar_ellora
D:2:      layout_loops_ring, basic_altar, st_stairs_6, kennysheep_cluttered_room
D:3:      layout_loops_ring, lemuel_crystal_altar, mainiacjoe_overflow_alcove_1,
          serial_shops, shop

Skill      XL: |  1  2 |
---------------+-------+-----
Dodging        | 3 |  3.2
Staves         | |  0.1
Armour         | |  0.7
Stealth        | |  2.1
Spellcasting   | |  2.8
Summonings     | |  4.5

Action                   |  1- 3 |  4- 6 || total
-------------------------+-------+-------++-------
Melee: Unarmed           |    58 |       ||    58
       Staff             |    12 |    10 ||    22
       Punch             |     1 |       ||     1
 Cast: Summon Small Mamm |    44 |     1 ||    45
       Call Imp          |    21 |     1 ||    22
  Use: Scroll            |     1 |       ||     1
Armor: Robe              |    29 |     7 ||    36
Dodge: Dodged            |    56 |     7 ||    63
